Map: Ruins of Endion

Players

Miszu

  • Race: Terran Terran
  • League: Master

llllllllllll - Winner!

  • Race: Zerg Zerg
  • League: Master

VOD

Have the link to the VOD?

Description

Time

  • Played on: April 25, 2016, 5:15 p.m.
  • Length: 11:29
Show
View Real Time Build Order
Export as new Build Order

Miszu Terran 

Build Orders: Reaper Expand, MMM Bio 

Get SALT Encoding   

  12  0:01  SCV  
  13  0:13  SCV  
  14  0:18  Supply Depot  
  14  0:25  SCV  
  15  0:40  SCV  
  15  0:42  Barracks  
  16  0:44  Refinery  
  16  0:52  SCV  
  17  1:04  SCV  
  18  1:18  SCV  
  19  1:30  Orbital Command  
  19  1:31  Reaper  
  20  1:42  Command Center  
  20  1:51  Supply Depot  
  20  1:56  SCV  
  21  2:03  Marine  
  21  2:08  SCV  
  23  2:14  Factory  
  23  2:20  SCV  
  24  2:29  Barracks Reactor  
  24  2:32  SCV  
  25  2:43  Barracks Reactor  
  24  2:44  SCV  
  25  2:56  SCV  
  25  3:02  Command Center  
  25  3:08  SCV  
  26  3:20  SCV  
  26  3:26  Hellion x2  
  30  3:28  Barracks Tech Lab  
  30  3:32  SCV  
  31  3:34  Barracks  
  31  3:36  Refinery, Barracks  
  31  3:40  Orbital Command  
  30  3:46  Marine  
  32  3:48  Stimpack  
  30  4:04  Supply Depot, Marine  
  30  4:09  Supply Depot  
  29  4:19  Hellion  
  29  4:22  Marine  
  29  4:23  Marine  
  33  4:32  Marine  
  33  4:37  Orbital Command  
  34  4:44  Hellion  
  36  4:49  Marine x2  
  36  4:52  Orbital Command  
  38  4:53  Marine  
  38  4:58  Starport  
  39  5:03  SCV  
  39  5:07  Marine x2  
  40  5:11  SCV  
  43  5:15  Factory Reactor  
  43  5:22  SCV  
  43  5:23  SCV  
  43  5:24  SCV  
  43  5:28  Barracks Reactor  
  46  5:29  Barracks Reactor  
  46  5:35  SCV x2  
  48  5:37  SCV  
  49  5:47  SCV x2  
  49  5:49  SCV  
  52  5:51  Combat Shields  
  52  5:54  Marine  
  53  5:59  SCV x2  
  53  6:01  SCV  
  56  6:04  Factory Reactor  
  56  6:07  Engineering Bay  
  56  6:09  Engineering Bay  
  56  6:11  Marine, SCV  
  57  6:15  Marine x2  
  57  6:16  Marine  
  57  6:17  Marine  
  56  6:29  Marine  
  54  6:33  Marine  
  54  6:35  Marine  
  33  6:40  Orbital Command  
  33  6:41  Marine  
  33  6:42  Marine  
  33  6:45  Medivac x2  
  23  6:47  Marine  
  23  6:51  Marine  
  23  6:53  Marine  
  24  6:59  Marine x2  
  25  7:05  Marine  
  26  7:08  Marine  
  26  7:12  Marine  
  28  7:16  SCV, Orbital Command  
  28  7:21  SCV  
  30  7:24  Marine x2  
  30  7:28  SCV  
  33  7:32  Orbital Command  
  33  7:40  SCV  
  33  7:41  Marine  
  33  7:42  Marine x3  
  38  7:49  SCV  
  39  7:52  SCV  
  39  7:58  Marine  
  41  7:59  Marine  
  41  8:00  Marine x2, SCV  
  41  8:01  SCV  
  41  8:03  Marine  
  41  8:04  SCV  
  48  8:06  Medivac  
  48  8:12  SCV  
  51  8:13  SCV  
  51  8:16  Marine, SCV, Widow Mine  
  51  8:17  Marine  
  56  8:24  SCV  
  56  8:25  SCV  
  55  8:32  Marine  
  55  8:36  SCV x2  
  55  8:37  SCV  
  58  8:46  Supply Depot  
  58  8:48  SCV x2  
  61  9:07  SCV x2  
  62  9:11  Engineering Bay  
  62  9:13  Engineering Bay  
  62  9:18  Marine x2  
  62  9:20  SCV x2  
  62  9:21  Marine, Medivac  
  69  9:32  Supply Depot  
  69  9:36  Supply Depot  
  69  9:54  Marine x5, SCV x2  
  69  9:55  Widow Mine  
  69  9:56  Widow Mine  
  75  10:03  Medivac x2  
  75  10:06  SCV x2  
  79  10:11  Marine x5  
  82  10:18  SCV x2  
  84  10:29  Marine  
  85  10:51  Refinery  
  85  10:53  Refinery  
  85  10:54  Supply Depot  
  85  10:55  Supply Depot  
  85  10:58  Supply Depot  
  85  11:15  SCV x2  
Show
View Real Time Build Order
Export as new Build Order

llllllllllll Zerg - Winner!

Build Orders: Pool First 

Get SALT Encoding   

  12  0:02  Drone  
  13  0:09  Drone  
  14  0:18  Extractor, Drone  
  14  0:23  Overlord  
  15  0:42  Drone  
  15  0:46  Spawning Pool  
  15  0:49  Drone  
  15  0:54  Drone  
  16  1:01  Drone  
  17  1:33  Metabolic Boost, Queen  
  17  1:34  Zergling x6  
  22  1:57  Hatchery  
  22  2:00  Overlord  
  21  2:14  Drone  
  22  2:19  Drone x2  
  24  2:24  Baneling Nest  
  23  2:36  Zergling x2  
  24  2:39  Zergling x2  
  24  2:42  Queen  
  24  2:44  Zergling x4  
  29  2:54  Zergling x2  
  29  2:55  Zergling x2  
  29  3:05  Overlord  
  29  3:20  Drone x5  
  34  3:29  Baneling x3  
  34  3:30  Baneling x2  
  34  3:32  Zergling x4  
  37  3:41  Zergling x2  
  37  3:43  Zergling x2  
  37  3:46  Pneumatized Carapace  
  35  3:56  Zergling x4  
  35  3:57  Zergling x6  
  40  4:04  Zergling x2  
  39  4:10  Evolution Chamber  
  39  4:13  Queen  
  37  4:20  Drone x3  
  40  4:25  Drone x4  
  44  4:32  Overlord  
  44  4:55  Overlord x2  
  44  4:56  Drone  
  44  4:57  Drone x3  
  48  5:03  Queen x2  
  52  5:11  Overlord  
  52  5:12  Overlord  
  48  5:21  Zergling x2  
  48  5:22  Zergling x8  
  48  5:23  Zergling x2  
  48  5:26  Zergling x2  
  54  5:32  Baneling x2  
  54  5:33  Baneling x2  
  54  5:35  Zergling x4  
  56  5:38  Zergling x2  
  56  5:39  Zergling x4  
  59  5:44  Zergling x2  
  59  5:54  Zergling x4  
  59  5:56  Zergling x2  
  62  6:06  Zerg Melee Weapons Level 1, Hatchery  
  59  6:15  Zergling x2  
  59  6:16  Zergling x8  
  58  6:22  Zergling x2  
  58  6:23  Zergling x6  
  59  6:31  Zergling x2  
  59  6:32  Zergling x2  
  55  6:41  Zergling x4  
  55  6:46  Lair  
  57  6:50  Drone  
  56  6:55  Drone  
  56  6:59  Drone  
  58  7:02  Drone  
  59  7:13  Drone x2  
  61  7:17  Drone x3  
  61  7:18  Drone x2  
  61  7:20  Extractor, Queen  
  66  7:27  Zergling x2  
  66  7:28  Zergling x6  
  66  7:29  Zergling x2  
  71  7:31  Spine Crawler  
  71  7:33  Zergling x2, Spine Crawler  
  70  7:44  Zergling x2  
  70  7:46  Zergling x12  
  70  7:47  Zergling x2  
  70  7:50  Drone x2  
  70  7:51  Drone  
  81  8:00  Zergling x2  
  80  8:21  Drone x2  
  80  8:24  Spore Crawler  
  79  8:30  Zergling x2  
  79  8:31  Zergling x18  
  89  8:47  Zergling x2  
  90  8:59  Spire, Drone, Extractor  
  90  9:00  Extractor, Drone x2  
  90  9:10  Overlord x3  
  90  9:14  Spine Crawler  
  89  9:19  Drone  
  90  9:25  Overlord x2  
  90  9:31  Drone x8  
  91  9:35  Baneling x2  
  91  9:36  Baneling x3  
  91  9:37  Zergling x4  
  100  9:41  Zergling x6  
  103  9:47  Zergling x2  
  103  9:48  Zergling x12  
  103  9:51  Overseer  
  92  10:13  Mutalisk  
  92  10:14  Mutalisk x6  
  106  10:27  Extractor  
  105  10:28  Extractor  
  105  10:35  Zergling x8  
  105  10:36  Zergling x12  
  114  10:44  Drone x3  
  114  10:47  Baneling x10  
  114  10:48  Baneling  
  117  10:52  Zergling x2  
  117  10:53  Zergling x4  
  120  10:57  Drone  
  120  10:58  Drone x5  
Tags
 
Add a new tag
Caveats
  • Supply blocks, unpowered buildings, or Contaminate may cause inaccurate times.
  • Supply counts are checked every 10 seconds.